 Dungeon Crawl Stone Soup version 0.30.0-19-g36f170ea60 (webtiles) character file.

Game seed: 13786589707424267307

427 Dadbod the Slasher (level 7, -8/54 HPs)
             Began as a Formicid Fighter on June 2, 2023.
             Mangled by a hornet (13 damage)
             ... on level 4 of the Dungeon.
             The game lasted 00:19:38 (3552 turns).

Dadbod the Slasher (Formicid Fighter)               Turns: 3552, Time: 00:19:38

Health: -8/54      AC:  7    Str: 20    XL:     7   Next: 18%
Magic:  7/7        EV:  9    Int:  8    God:
Gold:   430        SH:  5    Dex: 15    Spells: 6/6 levels left

rFire   . . .        a - +0 long sword
rCold   . . .        c - +0 buckler
rNeg    . . .        o - +0 scale mail
rPois   +            (helmet unavailable)
rElec   .            (no cloak)
rCorr   .            (no gloves)
SInv    +            (no boots)
Will    .....        (no amulet) Stlth
                     h - ring of poison resistance
HPRegen 0.29/turn    (no ring)
MPRegen 0.10/turn

%: no passive effects
@: no status effects
A: permanent stasis, dig shafts and tunnels, antennae 3, four strong arms, wild
magic 2
a: Dig, Shaft Self


You were on level 4 of the Dungeon.
You visited 1 branch of the dungeon, and saw 5 of its levels.
You also visited: Ossuary.

You collected 514 gold pieces.
You spent 84 gold pieces at shops.

Inventory:

Hand Weapons
 a - a +0 long sword (weapon)
 b - a +0 sling
 p - the +6 Majin-Bo {spellvamp, MP+6 Int+6}
   (You found it on level 2 of the Dungeon)

   Int:       It affects your intelligence (+6).
   MP:        It affects your magic capacity (+6).
Missiles
 g - a throwing net
Armour
 c - a +0 buckler (worn)
 o - a +0 scale mail (worn)
Jewellery
 h - a ring of poison resistance (left hand)
Wands
 i - a wand of roots (15)
Scrolls
 e - a scroll of identify
 n - a scroll of amnesia
Potions
 d - a potion of cancellation
 f - 3 potions of heal wounds
 j - 3 potions of curing
 k - a potion of flight
 l - a potion of attraction


   Skills:
 + Level 4.3 Fighting
 * Level 4.9 Long Blades
 * Level 2.8 Ranged Weapons
 + Level 4.3 Armour
 + Level 0.3 Dodging
 + Level 4.5 Shields


You had 6 spell levels left.
You didn't know any spells.
Your spell library contained the following spells:

 Spells                   Type           Power      Damage    Failure   Level
 Summon Small Mammal      Summ           0%         N/A       92%         1
 Lesser Beckoning         Tloc           0%         N/A       97%         2
 Momentum Strike          Conj/Tloc      0%         3d8       97%         2
 Call Canine Familiar     Summ           0%         N/A       99%         3
 Summon Guardian Golem    Hex/Summ       0%         N/A       99%         3
 Blink                    Tloc           Unusable   N/A       N/A         2

Dungeon Overview and Level Annotations

Branches:
Dungeon (5/15)            Ossuary (visited)
 Temple: D:4-7

Altars:
Dithmenos
Fedhas
Yredelemnul

Shops:
D:2 ?


Innate Abilities, Weirdness & Mutations

You cannot be hasted, slowed, berserked, paralysed or teleported.
You can dig through walls and to a lower floor.
You have a pair of large antennae on your head. (SInv)
Your four strong arms can wield two-handed weapons with a shield.
Your spells are harder to cast, but more powerful.


Message History

You shoot a sling bullet. The sling bullet hits the gnoll.
You kill the gnoll!
The hornet closely misses you.
The gnoll hits you from afar with a +0 spear.
You climb upwards.
There is a stone staircase leading down, spattered with blood here.
a - a +0 long sword (weapon)
The hornet stings you!
Okay, then.
Unknown command.
You hit the hornet but do no damage.
The hornet is lightly wounded.
The hornet barely misses you. You block the hornet's attack.
You hit the hornet.
The hornet is lightly wounded.
The hornet closely misses you. The hornet stings you!
You feel much better. The hornet stings you!
You closely miss the hornet.
The hornet is lightly wounded.
The hornet stings you but does no damage.
The hornet stings you.
Your stasis prevents you from being slowed.
You hit the hornet.
The hornet is moderately wounded.
The hornet barely misses you. The hornet stings you!
You are poisoned.
Your stasis prevents you from being slowed.
You hit the hornet.
The hornet is moderately wounded.
You feel very sick. The hornet stings you!
* * * LOW HITPOINT WARNING * * *
Your stasis prevents you from being slowed.
You block the hornet's attack.
You feel better. The hornet stings you!
* * * LOW HITPOINT WARNING * * *
You hit the hornet but do no damage.
The hornet is moderately wounded.
The hornet stings you!
You die...

###...# #.<...# #.....## #......#
####.....## ### ###.........#
####.## #.........### ##.##..####
####...#....##
##.........###@#....##>...#
###.......#..#.))y.....#....##
.................#...........#
................##..........####
...#....#.#....###.##..........#
.....#..###....###.###.........##
!...###.#...^...#..#............#
#...##..[.......##.#.............
#...##...................##..##.#


You could see a hornet.

Vanquished Creatures
  A jelly (D:4)
  A gnoll bouda (D:4)
  Ijyb (D:4)
  An orc wizard (D:4)
  2 iguanas (D:4)
  8 mummies (Ossuary)
  2 adders
  3 gnolls
  A dart slug (D:4)
  13 orcs
  5 ball pythons
  5 endoplasms
  2 giant cockroaches
  4 gnoll zombies (Ossuary)
  12 goblins
  13 hobgoblins
  8 kobolds
  6 quokkas
  7 bats
  3 frilled lizards
  A hobgoblin zombie (Ossuary)
  3 orc zombies (Ossuary)
  4 rats
106 creatures vanquished.

Notes
Turn   | Place    | Note
-------+----------+-------------------------------------------
     0 | D:1      | Dadbod the Formicid Fighter began the quest for the Orb.
     0 | D:1      | Reached XP level 1. HP: 18/18 MP: 1/1
    81 | D:1      | Reached XP level 2. HP: 19/24 MP: 2/2
   383 | D:1      | Reached XP level 3. HP: 28/30 MP: 3/3
   957 | D:2      | Reached XP level 4. HP: 27/37 MP: 4/4
  1270 | D:2      | Found the +6 Majin-Bo {spellvamp, MP+6 Int+6}
  1319 | D:2      | Found Favoczid's Magic Scroll Boutique.
  1322 | D:2      | Bought a scroll of identify for 28 gold pieces
  1322 | D:2      | Bought a scroll of identify for 28 gold pieces
  1322 | D:2      | Bought a scroll of identify for 28 gold pieces
  1642 | D:3      | Found a basalt altar of Yredelemnul.
  1647 | D:3      | Found a shadowy altar of Dithmenos.
  1647 | D:3      | Found a blossoming altar of Fedhas.
  2215 | D:4      | Reached XP level 5. HP: 41/42 MP: 5/5
  2286 | D:4      | HP: 2/42 [acid (9)]
  2408 | D:4      | Reached skill level 1 in Ranged Weapons
  2433 | D:4      | Reached XP level 6. HP: 19/48 MP: 6/6
  2488 | D:4      | Noticed Ijyb
  2499 | D:4      | Killed Ijyb
  2515 | D:4      | Found a sand-covered staircase.
  2534 | Ossuary  | Entered an ossuary
  2761 | Ossuary  | HP: 2/48 [mummy (10)]
  2943 | D:4      | Gained mutation: Your spells are a little harder to cast,
                  | but a little more powerful. [potion of mutation]
  2943 | D:4      | Gained mutation: Your spells are harder to cast, but more
                  | powerful. [potion of mutation]
  2991 | D:4      | Reached XP level 7. HP: 50/54 MP: 7/7
  3356 | D:5      | Entered Level 5 of the Dungeon
  3443 | D:5      | Noticed a hornet
  3552 | D:4      | Mangled by a hornet

Illustrated notes

Levels and vault maps discovered:
D:1:      dpeg_arrival_line_fractal, layout_loops_ring, nrook_mini_backslash,
          minmay_misc_feat_tower, hangedman_decor_diamond_cutter
D:2:      layout_basic, serial_shops, nicolae_shop_rolled_up
D:3:      layout_loops_ring, chequers_temple_overflow_statue_of_worship,
          grunt_decor_one_mirror, guppyfry_early_orc_mine
D:4:      layout_cave_pools, nicolae_ossuary_entry_false_entrances, uniq_ijyb
D:5:      layout_rooms, serial_shops, nicolae_shop_advertising_works
          [nicolae_subvault_shop_adworks], nicolae_square_shop,
          nicolae_shop_pleasant_corner_grove, uniq_edmund

Skill      XL: |  1  2  3  4  5  6 |
---------------+-------------------+-----
Armour         | 4 |  4.3
Long Blades    | 3 4 |  4.9
Fighting       | 4 |  4.3
Ranged Weapons | 1 2 |  2.8
Dodging        | |  0.3
Shields        | |  4.5

Action                     |  1- 3 |  4- 6 |  7- 9 || total
---------------------------+-------+-------+-------++-------
  Melee: Long sword        |   101 |   187 |    40 ||   328
   Fire: Sling             |       |    69 |    13 ||    82
Ability: Dig               |       |     1 |       ||     1
    Use: Scroll            |       |    10 |       ||    10
         Potion            |       |    12 |     2 ||    14
 Armour: Scale mail        |    39 |    56 |    16 ||   111
  Dodge: Dodged            |    37 |    64 |    27 ||   128
  Block: Buckler           |    20 |    32 |    14 ||    66
